 Dungeon Crawl Stone Soup version 0.30-a0-373-gd37427bb62 (webtiles) character file.

Game seed: 14340420636292523230

57 arthad the Chopper (level 4, -6/38 HPs)
             Began as a Gnoll Reaver on Nov 24, 2022.
             Mangled by a worm (9 damage)
             ... on level 2 of the Dungeon.
             The game lasted 00:02:19 (953 turns).

arthad the Chopper (Gnoll Reaver)                    Turns: 953, Time: 00:02:20

Health: -6/38      AC:  3    Str: 13    XL:     4   Next: 0%
Magic:  11/11      EV: 12    Int: 12    God:
Gold:   34         SH:  0    Dex: 11    Spells: 12/13 levels left

rFire   . . .      SeeInvis .    a - +0 hand axe
rCold   . . .      Faith    .    (no shield)
rNeg    . . .      Spirit   .    c - +0 leather armour
rPois   .          Reflect  .    (no helmet)
rElec   .          Harm     .    (no cloak)
rCorr   .          Rampage  .    (no gloves)
Will    .....                    (no boots)
Stlth   +.........               (no amulet)
HPRegen 0.26/turn                (no ring)
MPRegen 0.12/turn                (no ring)

@: lethally poisoned (-6 -> -7)
A: fangs 1, strong nose, distributed training
a: no special abilities


You were on level 2 of the Dungeon.
You visited 1 branch of the dungeon, and saw 2 of its levels.

You collected 34 gold pieces.

Inventory:

Hand Weapons
 a - a +0 hand axe (weapon)
 b - a +0 arbalest
Missiles
 d - 4 boomerangs
Armour
 c - a +0 leather armour (worn)
 g - a +0 pair of boots
Scrolls
 h - a scroll of brand weapon {unknown}


   Skills:
 + Level 4.6 Fighting
 + Level 1.0 Short Blades
 + Level 1.0 Long Blades
 + Level 6.6 Axes
 + Level 1.0 Maces & Flails
 + Level 1.0 Polearms
 + Level 1.0 Staves
 + Level 1.0 Ranged Weapons
 + Level 1.0 Throwing
 + Level 1.0 Armour
 + Level 4.6 Dodging
 + Level 1.0 Stealth
 + Level 1.0 Shields
 + Level 1.0 Unarmed Combat
 + Level 5.0 Spellcasting
 + Level 5.4 Conjurations
 + Level 0.8 Hexes
 + Level 0.8 Summonings
 + Level 0.8 Necromancy
 + Level 0.8 Translocations
 + Level 0.8 Transmutations
 + Level 0.8 Fire Magic
 + Level 0.8 Ice Magic
 + Level 0.8 Air Magic
 + Level 0.8 Earth Magic
 + Level 0.8 Poison Magic
 + Level 1.1 Invocations
 + Level 1.0 Evocations


You had 12 spell levels left.
You knew the following spells:

 Your Spells              Type           Power      Damage    Failure   Level
a - Kiss of Death         Conj/Necr      40%        2d8       7%          1

Your spell library contained the following spells:

 Spells                   Type           Power      Damage    Failure   Level
 Momentum Strike          Conj/Tloc      20%        3d8       11%         2
 Hailstorm                Conj/Ice       10%        3d5       22%         3


Dungeon Overview and Level Annotations

Branches:
Dungeon (2/15)

Altars:


Innate Abilities, Weirdness & Mutations

You have very sharp teeth.
Your uncanny sense of smell can sniff out nearby items.
Your experience applies equally to all skills.


Message History

You are too injured to fight recklessly!
You are too injured to fight recklessly!
You are too injured to fight recklessly!
You are too injured to fight recklessly!
Unknown command.
a - a +0 hand axe (weapon)
You feel sick.
You aren't carrying any potions.
As you read the scroll labelled MOHOPT MUNT, it crumbles to dust.
It is a scroll of identify.
f - a scroll of teleportation You feel sick.
The adder barely misses you. The worm completely misses you.
The adder barely misses you.
As you read the scroll of teleportation, it crumbles to dust.
You feel strangely unstable.
You feel sick. The adder bites you.
* * * LOW HITPOINT WARNING * * *
You are more poisoned.
The adder poisons you! The adder attacks as you move away!
The adder bites you but does no damage.
* * * LOW HITPOINT WARNING * * *
You feel sick. The adder attacks as you move away! The adder misses you.
* * * LOW HITPOINT WARNING * * *
You feel sick. The adder closely misses you.
Your surroundings seem slightly different.
You feel sick.
You hit the adder but do no damage.
The adder is almost dead.
You feel sick. The adder bites you but does no damage.
You hit the adder but do no damage.
The adder is almost dead.
You completely miss the worm.
You feel sick. The adder barely misses you. x2
You barely miss the adder.
The adder is almost dead.
You hit the worm but do no damage.
You feel sick. The worm closely misses you.
The adder bites you but does no damage.
You hit the adder.
You kill the adder!
You hit the worm.
You feel sick. The worm bites you!
You die...

..###.## #.. ..
#...#..#########..###..
###....##...#.....#....
###....................
.............>.......
##.....)..........?#
##................#
.##[.............#####.#
......).#......†@.......
####...........w.....#..
......#.....[........#
.###.##.##...........# ∆
.....##.##...........#
#..####....##..........
.........#...###........
........##... .........
...<†....#... ......#


You could see a worm.

Vanquished Creatures
  3 adders (D:2)
  4 dart slugs (D:1)
  A ball python (D:1)
  4 endoplasms (D:1)
  3 giant cockroaches (D:1)
  3 hobgoblins (D:1)
  A kobold (D:2)
  3 quokkas (D:1)
  5 bats (D:1)
  A frilled lizard (D:2)
  2 goblins (D:1)
30 creatures vanquished.

Notes
Turn   | Place    | Note
-------+----------+-------------------------------------------
     0 | D:1      | arthad the Gnoll Reaver began the quest for the Orb.
     0 | D:1      | Reached XP level 1. HP: 20/20 MP: 6/6
    99 | D:1      | Reached XP level 2. HP: 26/26 MP: 7/7
   363 | D:1      | Reached skill level 5 in Spellcasting
   363 | D:1      | Reached XP level 3. HP: 31/31 MP: 7/9
   698 | D:1      | Reached skill level 1 in Invocations
   856 | D:2      | Reached skill level 1 in Short Blades
   856 | D:2      | Reached skill level 1 in Long Blades
   856 | D:2      | Reached skill level 1 in Maces & Flails
   856 | D:2      | Reached skill level 1 in Polearms
   856 | D:2      | Reached skill level 1 in Staves
   856 | D:2      | Reached skill level 1 in Ranged Weapons
   856 | D:2      | Reached skill level 1 in Throwing
   856 | D:2      | Reached skill level 1 in Armour
   856 | D:2      | Reached skill level 1 in Stealth
   856 | D:2      | Reached skill level 1 in Shields
   856 | D:2      | Reached skill level 1 in Unarmed Combat
   856 | D:2      | Reached skill level 1 in Evocations
   923 | D:2      | Reached XP level 4. HP: 38/38 MP: 11/11
   953 | D:2      | Mangled by a worm

Illustrated notes

Levels and vault maps discovered:
D:1:      minmay_arrival_diagonal_passages, layout_loops_corners
D:2:      cheibrodos_pilgrimage, layout_rooms, kennysheep_generic_room_6

Skill      XL: |  1  2  3 |
---------------+----------+-----
Spellcasting   | 5 |  5.0
Invocations    | 1 |  1.1
Short Blades   | 1 |  1.0
Long Blades    | 1 |  1.0
Maces & Flails | 1 |  1.0
Polearms       | 1 |  1.0
Staves         | 1 |  1.0
Ranged Weapons | 1 |  1.0
Throwing       | 1 |  1.0
Armour         | 1 |  1.0
Stealth        | 1 |  1.0
Shields        | 1 |  1.0
Unarmed Combat | 1 |  1.0
Evocations     | 1 |  1.0
Fighting       | |  4.6
Axes           | |  6.6
Dodging        | |  4.6
Conjurations   | |  5.4
Hexes          | |  0.8
Summonings     | |  0.8
Necromancy     | |  0.8
Translocations | |  0.8
Transmutations | |  0.8
Fire Magic     | |  0.8
Ice Magic      | |  0.8
Air Magic      | |  0.8
Earth Magic    | |  0.8
Poison Magic   | |  0.8

Action                   |  1- 3 |  4- 6 || total
-------------------------+-------+-------++-------
Melee: Hand axe          |     9 |     4 ||    13
       Bite              |     2 |       ||     2
 Fire: Arbalest          |    84 |     7 ||    91
  Use: Scroll            |       |     2 ||     2
Armor: Leather armour    |    27 |     6 ||    33
Dodge: Dodged            |    57 |    12 ||    69

Table legend: (Time is in decaauts)
 A = Elapsed time spent in this place.
 B = Non-inter-level travel time spent in this place.
 C = Inter-level travel time spent in this place.
 D = Time resting spent in this place.
 E = Time spent auto-exploring this place.
 F = Levels seen in this place.
 G = Mean time per level.
                   A        B        C        D        E       F      G
               +--------+--------+--------+--------+--------+-----+--------+
         Total |   1033 |   1021 |     12 |      0 |    745 |   2 |  516.5 |
       Dungeon |   1033 |   1021 |     12 |      0 |    745 |   2 |  516.5 |
               +--------+--------+--------+--------+--------+-----+--------+

Top non-repeatable levels by time:
     D:1: 907 daAuts
     D:2: 126 daAuts
